 Dungeon Crawl Stone Soup version 0.30.1-1-g62c8e00024 (webtiles) character file.

Game seed: 6957412537458000231

66 safid the Chiller (level 4, -3/33 HPs)
             Began as a Merfolk Ice Elementalist on July 17, 2023.
             Slain by a gnoll
             ... wielding a +0 spear
              (6 damage)
             ... on level 2 of the Dungeon.
             The game lasted 00:02:04 (1571 turns).

safid the Chiller (Merfolk Ice Elementalist)        Turns: 1571, Time: 00:02:05

Health: -3/33      AC:  2    Str:  8    XL:     4   Next: 15%
Magic:  4/8        EV: 12    Int: 16    God:
Gold:   48         SH:  5    Dex: 14    Spells: 7/8 levels left

rFire   . . .        g - +1 short sword (drain)
rCold   . . .        (no shield)
rNeg    . . .        a - +0 robe
rPois   .            (no helmet)
rElec   .            (no cloak)
rCorr   +            (no gloves)
SInv    .            (no boots)
Will    .....        f - amulet of reflection
Stlth   ++           c - ring of resist corrosion
HPRegen 0.25/turn    (no ring)
MPRegen 0.11/turn

%: reflection
@: no status effects
A: (nimble swimmer 2), mertail
a: no special abilities


You were on level 2 of the Dungeon.
You visited 1 branch of the dungeon, and saw 2 of its levels.

You collected 72 gold pieces.
You spent 24 gold pieces at shops.

Inventory:

Hand Weapons
 g - a +1 short sword of draining (weapon)
Armour
 a - a +0 robe (worn)
Jewellery
 c - a ring of resist corrosion (left hand)
 f - an amulet of reflection (around neck)
Scrolls
 e - a scroll of butterflies {unknown}
 h - 2 scrolls of identify
 i - 2 scrolls of noise {unknown}
 j - a scroll of immolation {unknown}
 k - a scroll of teleportation {unknown}
 l - a scroll of vulnerability {unknown}
 m - a scroll of poison {unknown}
 o - a scroll of fog {unknown}
 p - a scroll of brand weapon {unknown}
 r - a scroll of magic mapping {unknown}
Potions
 b - a potion of magic
 d - a potion of attraction {unknown}
 n - a potion of might {unknown}
 q - a potion of brilliance {unknown}


   Skills:
 + Level 2.1 Fighting
 - Level 2.6 Dodging
 - Level 2.1 Stealth
 + Level 2.8 Spellcasting
 + Level 5.0 Ice Magic


You had 7 spell levels left.
You knew the following spells:

 Your Spells              Type           Power      Damage    Failure   Level
a - Freeze                Ice            72%        1d8       2%          1

Your spell library contained the following spells:

 Spells                   Type           Power      Damage    Failure   Level
 Frozen Ramparts          Ice            36%        1d6       7%          3
 Ozocubu's Armour         Ice            18%        N/A       7%          3
 Gell's Gravitas          Tloc           2%         N/A       50%         3
 Teleport Other           Tloc           2%         N/A       50%         3
 Summon Ice Beast         Ice/Summ       10%        N/A       56%         4
 Dispersal                Tloc           1%         N/A       100%        6
 Ozocubu's Refrigeration  Ice            9%         4d9       100%        7


Dungeon Overview and Level Annotations

Branches:
Dungeon (2/15)

Altars:

Shops:
D:1 *


Innate Abilities, Weirdness & Mutations

((You are very nimble when in or above water. (Stealth+, EV+, Speed+++)))
Your lower body shifts to a powerful aquatic tail in water.


Message History

You are too injured to fight recklessly!
Unknown command.
Casting: Freeze (safe; 2% risk of failure)
Confirm with . or Enter, or press ? or * to list all spells.
Aiming: Freeze (safe; 2% risk of failure)
Press: ? - help, Shift-Dir - straight line, f - jackal
Aim: a jackal (almost dead)
You freeze the jackal!
You kill the jackal!
The gnoll hits you from afar with a +0 spear.
* * * LOW HITPOINT WARNING * * *
The gnoll hits you with a +0 spear.
* * * LOW HITPOINT WARNING * * *
Casting: Freeze (safe; 2% risk of failure)
Confirm with . or Enter, or press ? or * to list all spells.
Aiming: Freeze (safe; 2% risk of failure)
Press: ? - help, Shift-Dir - straight line, f - gnoll
Aim: a gnoll, wielding a +0 spear You freeze the gnoll.
The gnoll is moderately wounded.
The gnoll hits you with a +0 spear.
* * * LOW HITPOINT WARNING * * *
Casting: Freeze (safe; 2% risk of failure)
Confirm with . or Enter, or press ? or * to list all spells.
Aiming: Freeze (safe; 2% risk of failure)
Press: ? - help, Shift-Dir - straight line, f/p - gnoll
Aim: a gnoll, wielding a +0 spear (moderately wounded)
You freeze the gnoll.
The gnoll is heavily wounded.
You block the gnoll's attack.
Unknown command.
Casting: Freeze (safe; 2% risk of failure)
Confirm with . or Enter, or press ? or * to list all spells.
Aiming: Freeze (safe; 2% risk of failure)
Press: ? - help, Shift-Dir - straight line, f/p - gnoll
Aim: a gnoll, wielding a +0 spear (heavily wounded)
You freeze the gnoll.
The gnoll is heavily wounded.
The gnoll hits you with a +0 spear.
You die...

#.# #<# ... #.# #.#
..#.# #.# #.# .....
#.# #.#
#.+.#########.####
##.##
##........#.......#
#...#
##.....#.#....P.P..#
##.####
##..........####'####
#..#.##
#.......#.#.##..@+
#######....##
+............#..g#
........<....
#..........###...+
#######)...##
#.......### #####
#.#.## ##.....## #.#
#.### ##...## #.# #.#
##'## #.# #.# #.# #.#
#.##### #.# #.#
#......


You could see a gnoll.

Vanquished Creatures
  2 adders (D:2)
  A worm (D:2)
  2 dart slugs
  2 bats
  An endoplasm (D:1)
  A giant cockroach (D:1)
  5 goblins
  4 hobgoblins
  4 jackals
  5 quokkas
  3 ball pythons
  2 frilled lizards (D:1)
  3 kobolds
  6 rats
41 creatures vanquished.

Notes
Turn   | Place    | Note
-------+----------+-------------------------------------------
     0 | D:1      | safid the Merfolk Ice Elementalist began the quest for the
                  | Orb.
     0 | D:1      | Reached XP level 1. HP: 13/13 MP: 3/3
   440 | D:1      | Reached XP level 2. HP: 20/20 MP: 5/5
   539 | D:1      | Found a faded altar of an unknown god.
   571 | D:1      | Reached skill level 1 in Fighting
   604 | D:1      | Found Qerr's General Store.
   613 | D:1      | Bought a scroll of identify for 24 gold pieces
   968 | D:2      | Reached XP level 3. HP: 26/26 MP: 6/6
  1550 | D:2      | Reached skill level 5 in Ice Magic
  1550 | D:2      | Reached XP level 4. HP: 33/33 MP: 8/8
  1571 | D:2      | Slain by a gnoll

Illustrated notes

Levels and vault maps discovered:
D:1:      dpeg_cavernosity, layout_basic, basic_ecumenical_altar, serial_shops,
          shop, roderic_roman_lattice, nrook_uturn
D:2:      layout_loops_corners, serial_glass, glass_columns_a, glass_columns_a,
          glass_columns_a, glass_columns_a, glass_columns_a, glass_columns_c,
          glass_columns_a, glass_columns_a, glass_columns_b, glass_columns_c,
          cheibrodos_gnoll_hut

Skill      XL: |  1  2  3 |
---------------+----------+-----
Fighting       | 1 2 |  2.1
Ice Magic      | 5 |  5.0
Dodging        | |  2.6
Stealth        | |  2.1
Spellcasting   | |  2.8

Action                     |  1- 3 |  4- 6 || total
---------------------------+-------+-------++-------
  Melee: Dagger            |    27 |       ||    27
         Short sword       |    67 |     3 ||    70
   Cast: Freeze            |     8 |     4 ||    12
   Stab: Sleeping          |    10 |       ||    10
 Armour: Robe              |     6 |     1 ||     7
  Dodge: Dodged            |    47 |     2 ||    49
  Block: Other             |    17 |     3 ||    20
